 Dungeon Crawl Stone Soup version 0.21.1-1-g345015fe64 (webtiles) character file.

144 Gargoyl the Skirmisher (level 5, -1/45 HPs)
             Began as a Centaur Abyssal Knight on July 3, 2018.
             Was a Believer of Lugonu.
             Slain by an iguana (8 damage)
             ... on level 4 of the Dungeon.
             The game lasted 00:05:45 (3667 turns).

Gargoyl the Skirmisher (Centaur Abyssal Knight)     Turns: 3667, Time: 00:05:45

Health: -1/45      AC: 11    Str: 15      XL:     5   Next: 5%
Magic:  7/7        EV:  2    Int: 10 (11) God:    Lugonu [**....]
Gold:   338        SH:  0    Dex:  9      Spells: 4/4 levels left

rFire    . . .     SeeInvis .   a - +1 hand axe
rCold    . . .     Gourm    .   (no shield)
rNeg     . . .     Faith    .   d - +0 plate armour
rPois    .         Spirit   .   (no helmet)
rElec    .         Reflect  .   g - +0 cloak
rCorr    .         Harm     .   e - +0 pair of gloves
MR       .....                  (no barding)
Stlth    ..........             (no amulet)
HPRegen  0.15/turn              (no ring)
MPRegen  0.10/turn              (no ring)

@: very quick
A: large, hooves 3, deformed body, speed 2, tough skin 3
a: Depart the Abyss, Bend Space, Renounce Religion


You were on level 4 of the Dungeon.
You worshipped Lugonu.
Lugonu was pleased with you.
You were near starving.

You visited 1 branch of the dungeon, and saw 4 of its levels.
You visited the Abyss 1 time.

You collected 338 gold pieces.

Inventory:

Hand Weapons
 a - a +1 hand axe (weapon)
Armour
 d - a +0 plate armour (worn)
 e - a +0 pair of gloves (worn)
 g - a +0 cloak (worn)
Scrolls
 b - a scroll of identify
 f - 4 scrolls of remove curse
 h - a scroll of amnesia
 j - a scroll of fog
 k - 2 scrolls of teleportation
Comestibles
 c - 7 rations


   Skills:
 + Level 3.5 Fighting
 + Level 2.9 Axes
 * Level 2.6 Armour
 + Level 0.6 Dodging
 * Level 3.1 Invocations


You had 4 spell levels left.
You didn't know any spells.

Dungeon Overview and Level Annotations

Branches:
Dungeon (4/15)
 Temple: D:4-7

Altars:
Ashenzari
Trog
Zin

Shops:
D:4 (


Innate Abilities, Weirdness & Mutations

You have hooves in place of feet.
Armour fits poorly on your strangely shaped body.
You cover ground very quickly.
You have extremely tough skin. (AC +3)


Message History

You feel better.
The iguana bites you but does no damage.
You closely miss the iguana.
The iguana is heavily wounded.
The iguana bites you.
You barely miss the iguana. Your kick misses the iguana.
The iguana is heavily wounded.
The iguana bites you!
* * * LOW HITPOINT WARNING * * *
You closely miss the iguana. Your kick misses the iguana.
The iguana is heavily wounded.
The iguana bites you but does no damage.
You hit the iguana. You kick the iguana.
The iguana is almost dead.
The iguana bites you but does no damage.
You are near starving!
Your plate armour prevents you from hitting the iguana.
The iguana is almost dead.
The iguana bites you!
You die...

# ##.##
#(#######.....
#.....<..#
##..####.## ##
........##
##.#
##.#####.###.#
##.#..# ##.#@#
###l# #.# ...
#.. .... #.#⌠
#.#.∩


You could see an iguana.

Vanquished Creatures
  The ghost of ady5 the Skirmisher, a weakling DsFi (D:3)
  Crazy Yiuf (D:2)
  2 adders (D:3)
  3 dart slugs
  A leopard gecko (D:1)
  A ball python (D:1)
  6 bats
  6 giant cockroaches
  5 goblins
  3 hobgoblins
  5 jackals
  5 kobolds
  A frilled lizard (D:2)
  10 rats
50 creatures vanquished.

Notes
Turn   | Place    | Note
-------+----------+-------------------------------------------
     0 | Abyss:1  | Gargoyl the Centaur Abyssal Knight began the quest for the Orb.
     0 | Abyss:1  | Reached XP level 1. HP: 19/19 MP: 2/2
    79 | Abyss:1  | Noticed a small abomination
   191 | Abyss:2  | Noticed a fire dragon simulacrum
   295 | Abyss:3  | Noticed a raiju
   296 | D:1      | Escaped the Abyss
   390 | D:1      | Reached XP level 2. HP: 21/26 MP: 3/3
   474 | D:1      | Reached * piety under Lugonu
   948 | D:1      | You fall through a shaft!
   979 | D:2      | Reached XP level 3. HP: 31/31 MP: 4/4
  1360 | D:2      | Found a shattered altar of Ashenzari.
  1522 | D:2      | Found a runed door.
  1659 | D:2      | Reached ** piety under Lugonu
  2079 | D:2      | Noticed Crazy Yiuf
  2090 | D:2      | Killed Crazy Yiuf
  2090 | D:2      | Reached XP level 4. HP: 17/38 MP: 4/6
  2526 | D:3      | Noticed ady5's ghost (weakling DsFi)
  2536 | D:3      | Killed ady5's ghost
  2603 | D:3      | Reached XP level 5. HP: 11/45 MP: 7/7
  2902 | D:3      | Found a bloodstained altar of Trog.
  3252 | D:3      | Found a glowing silver altar of Zin.
  3647 | D:4      | Found Potwum's Weapon Emporium.
  3667 | D:4      | Slain by an iguana

Skill      XL: |  1  2  3  4 |
---------------+-------------+-----
Axes           | 2 |  2.9
Armour         | 2 |  2.6
Invocations    | 3 |  3.1
Fighting       | |  3.5
Dodging        | |  0.6

Action                   |  1- 3 |  4- 6 || total
-------------------------+-------+-------++-------
Melee: Hand axe          |   152 |    68 ||   220
       Kick              |    23 |     8 ||    31
Invok: Depart the Abyss  |     1 |       ||     1
  Use: Scroll            |     8 |     1 ||     9
       Potion            |     1 |     2 ||     3
  Eat: Chunk             |     2 |     3 ||     5
Armor: Plate armour      |   225 |    76 ||   301
Dodge: Dodged            |     4 |     8 ||    12
